Ron, neutral male human Wizard ### ---------- --------------- ###---------################.........| |.........`...-######`###########---........# |........| |.............|#######``#########..........|# ##-........| |.............| |.........|### # |........| |.<......{....-# |..........# # ### ---------- --.------------### ---.......|# ### # ######### # ---------# # ### # ############################ ### # ## ### ############ ----------|- # #--.-----# |..........| #### #.......|# |..........| -|---- #|......|### --------------- |...........##### --....| #|.*....|# # |.#...........| |..........| # ###########.......#####|.......# ### |............>| ------------ ### ------ |.....| --------#######:@d...........| # |....| |......############## ###|.d...........| ##......#####-.....| .......:......| ------ ------- --------------- Ron the Conjurer Experience level: 4 Strength: 11 Dexterity: 15 Constitution: 13 Intelligence: 19 Wisdom: 9 Charisma: 8 Health: 0(21) Energy: 31(32) Def: 1 Gold: 192 Moves: 1937 Dungeon seed: vQvM3AZHFckjesmZ Game ID: Ron_1440188353 Your Inventory: Weapons a - a blessed +1 quarterstaff G - 7 uncursed +0 darts M - an uncursed +0 dagger Armor e - an uncursed +0 cloak of magic resistance (being worn) q - a blessed +4 orcish helm Tools k - an uncursed skeleton key o - an uncursed magic marker (0:99) S - an uncursed sack Rings c - an uncursed ring of warning d - an uncursed ring of searching Spellbooks l - a blessed spellbook of force bolt m - a blessed spellbook of magic missile n - an uncursed spellbook of knock T - an uncursed spellbook of force bolt Wands b - an uncursed wand of sleep (0:4) w - an uncursed wand of cancellation (0:8) P - an uncursed wand of fire (0:6) Scrolls L - an uncursed scroll of scare monster Potions O - an uncursed potion of booze Q - an uncursed potion of water R - an uncursed potion of monster detection Comestibles t - 3 uncursed chuckberries v - 4 uncursed food rations Coins $ - 192 gold pieces Spells and supernatural/magical abilities: Name Level Category Fail Memory a - force bolt 1 attack 0% 91% k - knock 1 matter 0% 91% m - magic missile 2 attack 0% 91% W - pray for help -- divine ? -- Your skills at the end: Fighting Skills Weapon Skills quarterstaff [Basic] Spellcasting Skills attack spells [Basic] enchantment spells [Basic] Final Attributes: You were devoutly aligned. You were magic-protected. You were telepathic. You are dead. Vanquished creatures: a floating eye a homunculus an iguana a coyote a hobbit a large kobold a hobgoblin a giant rat a yellow mold 2 geckos a fox a goblin 5 grid bugs a bat 3 lichens 2 kobold zombies 5 newts 29 creatures vanquished. Voluntary challenges: You used a wielded weapon 15 times, starting on turn 25. You were illiterate. You never genocided any monsters. You never polymorphed an object. You never changed form. You used no wishes. You never split a pudding. You never wrote Elbereth's name. You never violated your personal moral code. Dungeon overview: The Dungeons of Doom: levels 1 to 4 Level 1 a long staircase Level 2 a general store, an altar to Thoth Level 3 <- You were here a fountain, a sink Level 4 History has recorded: On T:1 you entered the Dungeons of Doom to retrieve the Amulet of Yendor! On T:486 you reached level 2 of The Dungeons of Doom. On T:662 you advanced to experience level 2. On T:989 you reached level 3 of The Dungeons of Doom. On T:1015 you advanced to experience level 3. On T:1595 you advanced to experience level 4. On T:1702 you reached level 4 of The Dungeons of Doom. Score breakdown: Gold: 192 ( 19 points) Experience: 4 levels ( 300 points) Exploration: 4 levels ( 90 points) Discoveries: 0 items ( 0 points) Variety of kills: 17 monsters ( 850 points) Major goal: (nothing yet) ( 0 points) Survival: died (score multiplied by 3) Total score: 3777 Latest messages: You put an uncursed scroll of light into the chest. You put an uncursed scroll of enchant armor into the chest. You put an uncursed scroll labeled VE FORBRYDERNE into the chest. You put an uncursed scroll labeled NR 9 into the chest. You put a blessed scroll labeled NR 9 into the chest. You put an uncursed scroll of destroy armor into the chest. You put an uncursed potion of water into the chest. You put an uncursed potion of object detection into the chest. You put an uncursed potion of paralysis into the chest. You put an uncursed swirly potion into the chest. You put an uncursed white potion into the chest. You put an uncursed blue gem into the chest. You put 196 gold pieces into the chest. There are many more objects here. Your movements are slowed slightly because of your load. 3 uncursed food rations land on the altar. An uncursed marble wand lands on the altar. An uncursed swirly potion lands on the altar. An uncursed scroll labeled NR 9 lands on the altar. There is an amber flash as a blessed scroll labeled NR 9 hits the altar. An uncursed scroll of destroy armor lands on the altar. An uncursed apple lands on the altar. An uncursed sling lands on the altar. You hit it. The coyote bites! (2x) You die... Final status: Goodbye Ron the Wizard, killed by a coyote... You died in The Dungeons of Doom on dungeon level 3 with 3777 points, and 192 pieces of gold, after 1937 moves. You were level 4 with a maximum of 21 hit points when you died.